Map: 2000 Atmospheres LE

Players

HeroMarine - Winner!

  • Race: Terran Terran
  • League: Master

MaxPax

  • Race: Protoss Protoss
  • League: Grandmaster

Event: DreamHack SC2 Masters Last Chance 2022

VOD

Have the link to the VOD?

Description

Time

  • Played on: Dec. 17, 2021, 3:34 p.m.
  • Length: 6:08

All games in this series

Show
View Real Time Build Order
Export as new Build Order

HeroMarine Terran - Winner!

Build Orders:  

Get SALT Encoding   

  12  0:00  SCV  
  13  0:12  SCV  
  14  0:16  Supply Depot  
  14  0:24  SCV  
  15  0:38  SCV  
  15  0:39  Barracks  
  16  0:43  Refinery  
  16  0:50  SCV  
  17  1:02  SCV  
  18  1:14  SCV  
  19  1:27  Orbital Command  
  20  1:36  Command Center  
  20  1:38  Marine  
  20  1:52  SCV  
  20  1:54  Factory  
  21  2:00  Refinery  
  21  2:03  Barracks Reactor  
  21  2:05  SCV  
  22  2:10  Supply Depot  
  22  2:17  SCV  
  23  2:23  Bunker  
  23  2:32  SCV  
  24  2:38  Starport, Widow Mine  
  24  2:41  Marine  
  24  2:43  Marine  
  28  2:50  SCV  
  29  2:59  Marine  
  29  3:01  Marine  
  29  3:02  SCV  
  32  3:09  Orbital Command  
  32  3:14  SCV  
  32  3:16  Medivac  
  35  3:21  Widow Mine  
  35  3:26  SCV, Marine  
  39  3:27  Marine  
  40  3:35  SCV  
  40  3:38  SCV  
  42  3:43  Supply Depot  
  42  3:44  Marine  
  42  3:45  Marine  
  42  3:48  Factory Tech Lab, Starport Tech Lab  
  44  3:51  SCV  
  44  3:52  SCV  
  45  4:01  Marine  
  45  4:03  SCV  
  45  4:04  SCV, Marine  
  45  4:08  Raven  
  50  4:11  Supply Depot  
  50  4:15  SCV  
  54  4:18  Cyclone  
  54  4:26  Engineering Bay  
  54  4:27  Supply Depot  
  54  4:32  SCV x2, Marine x2  
  54  4:35  Supply Depot  
  58  4:44  SCV x2  
  60  4:50  Siege Tank, Marine x2  
  63  4:56  SCV x2  
  63  5:04  Banshee, Missile Turret  
  66  5:07  Marine x2  
  66  5:08  SCV x2  
  68  5:20  SCV  
  68  5:21  SCV  
  68  5:22  Siege Tank  
  68  5:25  Marine x2  
  68  5:26  Barracks  
  73  5:33  SCV x2  
  75  5:36  Barracks  
  75  5:40  Refinery  
  75  5:43  Marine x2  
  75  5:45  SCV  
  78  5:50  SCV  
  77  5:58  Starport Reactor  
  77  6:00  Supply Depot  
  77  6:02  Command Center  
Show
View Real Time Build Order
Export as new Build Order

MaxPax Protoss 

Build Orders: Dark Templar Rush 

Get SALT Encoding   

  12  0:00  Probe  
  13  0:12  Probe  
  14  0:16  Pylon  
  14  0:24  Probe (Chrono Boost)  
  16  0:36  Gateway, Probe (Chrono Boost)  
  16  0:43  Probe (Chrono Boost)  
  16  0:45  Assimilator  
  17  0:50  Probe  
  18  1:03  Probe  
  19  1:15  Probe  
  20  1:23  Cybernetics Core  
  20  1:29  Zealot  
  20  1:30  Probe  
  23  1:35  Pylon  
  23  1:46  Nexus  
  23  1:54  Probe  
  23  1:56  Assimilator  
  23  1:57  Adept (Chrono Boost)  
  26  2:04  Warp Gate  
  26  2:06  Probe  
  27  2:19  Adept (Chrono Boost), Probe  
  29  2:31  Twilight Council, Probe  
  30  2:43  Probe  
  31  2:58  Probe  
  34  2:59  Probe  
  34  3:02  Robotics Facility  
  33  3:10  Probe  
  33  3:11  Probe  
  35  3:15  Gateway  
  35  3:21  Dark Shrine  
  35  3:22  Probe  
  35  3:23  Probe  
  37  3:30  Gateway  
  37  3:35  Probe (Chrono Boost)  
  37  3:37  Probe (Chrono Boost)  
  39  3:46  Probe (Chrono Boost)  
  39  3:48  Warp Prism (Chrono Boost)  
  41  3:49  Pylon  
  41  3:50  Probe (Chrono Boost)  
  41  3:51  Probe (Chrono Boost)  
  44  3:58  Pylon  
  44  3:59  Probe  
  43  4:03  Probe  
  43  4:09  Assimilator  
  42  4:10  Stalker  
  42  4:11  Probe  
  42  4:16  Probe  
  46  4:17  Pylon  
  46  4:23  Probe  
  43  4:36  Probe (Chrono Boost)  
  43  4:37  Dark Templar  
  43  4:38  Probe (Chrono Boost), Dark Templar  
  49  4:47  Probe (Chrono Boost)  
  49  4:49  Probe (Chrono Boost)  
  51  4:52  Probe (Chrono Boost)  
  51  4:54  Probe (Chrono Boost)  
  51  4:56  Stalker  
  53  5:02  Probe  
  53  5:05  Probe  
  47  5:14  Probe  
  47  5:18  Probe  
  47  5:20  Nexus  
  44  5:26  Probe  
  45  5:30  Probe  
  45  5:34  Stalker  
  49  5:35  Observer  
  49  5:38  Probe  
  49  5:41  Pylon  
  50  5:44  Stalker  
  50  5:47  Probe  
  51  5:56  Stalker  
  52  5:59  Stalker  

Tags
 
Add a new tag
Caveats
  • Supply blocks, unpowered buildings, or Contaminate may cause inaccurate times.
  • Supply counts are checked every 10 seconds.